AoeStats
← BORN

MegaRandom

504295068Analyzed
1v1 RM · 27d ago on Sep 4, 2026· 61m 2s· 2 players
Game mode
Random Map
Map size
Tiny (2 player)
Population
200
Speed
Normal
Resources
Standard
Victory
Conquest
Starting age
Dark Age
Ending age
Imperial Age
RankedLock teamsTeams togetherTeam positionsShared explorationLock speedFull tech treeHidden civsTurbo modeCheats
Victory
Defeat
🇺🇸 Portuguese · United States
1032
+16
🇪🇸 Franks · Spain
1036
-16
Mace The Lovely
12:47 Loom
15:38 Feudal Age
16:17 Double-Bit Axe
18:15 Wheelbarrow
22:07 Castle Age
30:16 Bow Saw
33:39 Imperial Age
35:35 Masonry
39:55 Bloodlines
39:06 Cavalier
40:10 Forging
40:34 Scale Barding Armor
45:59 Husbandry
47:26 Chain Barding Armor
57:11 Plate Barding Armor
57:25 Herbal Medicine
57:52 Light Cavalry
BORN
13:39 Feudal Age
15:03 Double-Bit Axe
22:12 Castle Age
26:15 Gold Mining
27:48 Gold Shaft Mining
29:59 Wheelbarrow
32:28 Imperial Age
32:11 Loom
33:31 Ballistics
34:59 Chemistry
41:14 Hand Cart
41:45 Town Watch
42:01 Pikeman
43:33 Forging
43:23 Scale Mail Armor
43:38 Halberdier
44:55 Iron Casting
46:28 Bow Saw
47:27 Blast Furnace
47:24 Chain Mail Armor
Connection lost

Rejoining the realm…

Still unreachable

The connection could not be restored.

Session expired

The server has moved on; the page needs a fresh start.